 Dungeon Crawl Stone Soup version 0.32-a0-520-g344ed53f66 (webtiles) character file.

Game seed: 5292511052700520717

24339 runemasterragnar the Skirmisher (level 13, -17/125 HPs)
             Began as a Coglin Hunter on Feb 27, 2024.
             Was a High Priest of Okawaru.
             Demolished by a hell knight
             ... wielding a +4 flail of flaming
              (23 damage)
             ... in a volcano.
             The game lasted 00:29:38 (15726 turns).

runemasterragnar the Skirmisher (Coglin Hunter)    Turns: 15726, Time: 00:29:38

Health: -17/125    AC: 14    Str: 13    XL:     13   Next: 12%
Magic:  18/18      EV: 12    Int: 14    God:    Okawaru [*****.]
Gold:   810        SH:  5    Dex: 20    Spells: 12/12 levels left

rFire   + . .        j - +0 sling (flame) {Kaori}
rCold   + . .        z - +2 sling (freeze) {Zulima}
rNeg    . . .        H - +0 steam dragon scales
rPois   .            a - +4 hat "Haduehodi" {Str+2}
rElec   .            I - +2 cloak
rCorr   .            w - +1 Delatra's gloves {ID++}
SInv    .            (no boots)
Will    .....        u - amulet of reflection
Stlth   ++           (ring unavailable)
HPRegen 0.40/turn    (ring unavailable)
MPRegen 0.16/turn

%: reflection
@: studying Fighting, invisible, revving
A: cold resistance 1, fire resistance 1, off-hand wielding, slow wielding,
warmup strikes, no rings, clever 1, robust 1
a: Renounce Religion, Heroism, Finesse, Duel


You were in a volcano.
You worshipped Okawaru.
Okawaru was extremely pleased with you.
You visited 2 branches of the dungeon, and saw 13 of its levels.
You also visited: Sewer, Bailey, Gauntlet and Volcano.

You collected 810 gold pieces.

Inventory:

Hand Weapons
 j - a +0 sling of flaming (weapon) {Kaori}
 k - a +0 sling of freezing {Huemac}
 z - a +2 sling of freezing (offhand) {Zulima}
Missiles
 e - 5 boomerangs
Armour
 a - the +4 hat "Haduehodi" (worn) {Str+2}
   (You found it in a Gauntlet)

   Str+2:     It affects your strength (+2).
 c - a scarf of harm
 d - the +0 cloak "Keocw" {Harm Str+4}
   (You found it in a Gauntlet)

   Str+4:     It affects your strength (+4).
   Harm:      It increases damage dealt and taken.
 g - the +0 hat "Naxtoh" {Rampage Str+2}
   (You found it in a Gauntlet)

   Str+2:     It affects your strength (+2).
   Rampage:   It bestows one free step when moving towards enemies.
 i - a +2 ring mail of fire resistance
 l - a +2 robe of fire resistance
 m - a +2 robe of willpower
 r - a +2 scale mail of positive energy
 w - the +1 Delatra's gloves (worn) {ID++}
   (You found it on level 3 of the Dungeon)

   ID++:      It heals its wearer when they drink unknown potions, and restores
   their MP when they read unknown scrolls.
 y - a +2 pair of gloves of hurling
 B - a +2 plate armour of willpower
 D - a +0 crystal plate armour
 H - +0 steam dragon scales (worn)
 I - a +2 cloak (worn)
Jewellery
 u - an amulet of reflection (around neck)
Talismans
 q - a blade talisman
 A - a granite talisman
Wands
 h - a wand of paralysis (7)
 o - a wand of mindburst (3)
 E - a wand of iceblast (12)
 O - a wand of light (6)
Scrolls
 b - 2 scrolls of butterflies
 t - 2 scrolls of fear
 v - a scroll of blinking {unknown}
 F - 2 scrolls of enchant armour
 G - a scroll of identify
 J - 3 scrolls of teleportation
 K - 2 scrolls of amnesia
Potions
 n - 3 potions of curing
 p - 4 potions of attraction
 s - 2 potions of might
 x - a potion of enlightenment
 L - 2 potions of haste
Miscellaneous
 f - a tin of tremorstones (2/2)


   Skills:
 + Level 14.3 Fighting
 - Level 14.5 Ranged Weapons
 - Level 1.7 Dodging
 - Level 0.7 Stealth
 * Level 7.5 Invocations


You had 12 spell levels left.
You didn't know any spells.
Your spell library contained the following spells:

 Spells                   Type           Power      Damage    Failure   Level
 Sandblast                Erth           0%         2d4       28%         1
 Shock                    Conj/Air       0%         1d3       28%         1
 Scorch                   Fire           0%         2d5       41%         2
 Static Discharge         Conj/Air       0%         3-3/arc   41%         2
 Swiftness                Air            0%         N/A       65%         3
 Airstrike                Air            0%         2d(0-16)  96%         4
 Flame Wave               Conj/Fire      0%         2d4       96%         4
 Passage of Golubria      Tloc           0%         N/A       96%         4
 Silence                  Hex/Air        0%         N/A       100%        5
 Lehudib's Crystal Spear  Conj/Erth      0%         10d2      100%        8
 Summon Lightning Spire   Summ/Air       Unusable   N/A       N/A         4
 Summon Cactus Giant      Summ           Unusable   N/A       N/A         6

Dungeon Overview and Level Annotations

Branches:
Dungeon (11/15)            Temple (0/1) D:6            Lair (2/5) D:9
  Sewer (visited)          Bailey (visited)         Volcano (1/1)
Gauntlet (visited)
  Swamp: Lair:2-3    Shoals: Lair:2-3     Snake: Lair:2-3    Spider: Lair:2-3
    Orc: D:9-12

Altars:
Ashenzari
Cheibriados
Elyvilon
Okawaru
Qazlal
Sif Muna
Trog
Uskayaw
Wu Jian
Yredelemnul
Zin


Innate Abilities, Weirdness & Mutations

Your flesh is cold resistant. (rC+)
Your flesh is heat resistant. (rF+)
You can wield a second weapon in your off-hand.
It takes a long time for you to wield or remove held weapons.
Your first few attacks do less damage.
Your grasper-arms cannot wear rings.
Your mind is acute. (Int +4, Str/Dex -1)
You are robust. (+10% HP)


Message History

You shoot a sling bullet.
The sling bullet hits the centaur warrior but does no damage.
The centaur warrior is heavily wounded.
The centaur warrior hits you!
The centaur warrior kicks you but does no damage.
The hell knight hits you with a +4 flail of flaming!
You shoot a sling bullet.
The sling bullet hits the centaur warrior.
The sling bullet freezes the centaur warrior.
The centaur warrior is heavily wounded.
You shoot a sling bullet.
The sling bullet closely misses the centaur warrior.
The centaur warrior hits you but does no damage.
The centaur warrior kicks you but does no damage.
The hell knight hits you with a +4 flail of flaming!!
* * * LOW HITPOINT WARNING * * *
The hell knight burns you.
* * * LOW HITPOINT WARNING * * *
It was a potion of invisibility.
You fade into invisibility!
The energy of discovery flows from your fingertips!
You feel much better. The centaur warrior hits you.
* * * LOW HITPOINT WARNING * * *
You block the centaur warrior's attack.
The hell knight hits you but does no damage.
Unknown command.
Okay, then.
The hell knight hits you with a +4 flail of flaming!!
* * * LOW HITPOINT WARNING * * *
The hell knight burns you.
* * * LOW HITPOINT WARNING * * *
The centaur warrior wields a +0 shortbow of flaming.
It bursts into flame!
The centaur warrior shoots an arrow.
The arrow hits the hell knight!
The centaur warrior shoots an arrow.
The arrow hits the hell knight!
There is a rocky tunnel leading out of this place here.
Unknown command.
The hell knight misses you.
The hell knight hits you with a +4 flail of flaming!!
You die...

§≈§§≈§≈§≈≈≈≈≈≈≈≈≈§§≈≈≈§
≈≈§§≈§≈§≈≈≈≈≈≈≈≈≈§≈≈≈≈≈
§................§§≈≈≈≈
..)....#####........≈§≈
§.....##..###.....§.≈≈≈
.....###..####'c#...§§≈
#''###.....###$?###c§≈≈
#)..##..∩∩..##..p.# §§§
##..###.....)#).@.# §§
###..∩#.....)#).###
.##...#..)...####
..#####.#).#..#
...#∩####....##
..##....#..###
..'..#..#..##
..')######..#
..###∩.#....#


You could see a hell knight (fast, unable to see you) and a centaur warrior
(unable to see you).

Vanquished Creatures
  A minotaur (Gauntlet)
  A red draconian (Volcano)
  2 two-headed ogres
  A centaur warrior (Volcano)
  2 hell knights (Volcano)
  3 orc knights (Bailey)
  A cyclops (D:9)
  5 elephants
  An apocalypse crab (Gauntlet)
  Joseph (D:7)
  4 cane toads
  Jeremiah (D:7)
  2 yaktaurs (Volcano)
  5 rime drakes
  2 komodo dragons (Lair:1)
  A troll (D:8)
  2 polar bears (Lair:1)
  3 hornets
  Sigmund (D:4)
  A water elemental (D:10)
  2 shadows
  A wyvern (D:9)
  26 yaks
  A vampire (D:10)
  2 basilisks
  A wraith (D:9)
  A steam dragon (D:7)
  6 water moccasins
  Pargi (Sewer)
  8 orc warriors
  An ice beast (D:8)
  2 sky beasts
  2 black bears
  2 ogres
  7 wolves
  9 centaurs
  A phantom (D:5)
  3 kobold brigands
  6 bullfrogs
  2 brain worms (Sewer)
  2 gnoll sergeants
  4 scorpions
  A jelly (D:6)
  8 killer bees
  3 hounds
  Crazy Yiuf (D:7)
  4 orc priests
  A sleepcap (D:6)
  Jessica (D:2)
  14 orc wizards
  4 iguanas
  Robin (D:2)
  8 gnolls
  7 adders
  A shadow imp (D:5)
  2 dart slugs
  59 orcs
  8 endoplasms
  9 giant cockroaches
  22 goblins
  7 hobgoblins
  2 jackals (D:4)
  9 quokkas
  12 ball pythons
  7 bats
  2 frilled lizards
  15 kobolds
  5 rats
343 creatures vanquished.

Notes
Turn   | Place    | Note
-------+----------+-------------------------------------------
     0 | D:1      | runemasterragnar the Coglin Hunter began the quest for the
                  | Orb.
     0 | D:1      | Reached XP level 1. HP: 16/16 MP: 1/1
   329 | D:1      | Got the Tome of Calculation
   347 | D:1      | Reached XP level 2. HP: 19/22 MP: 2/2
  1054 | D:2      | Reached XP level 3. HP: 28/28 MP: 3/3
  1349 | D:2      | Noticed Robin
  1353 | D:2      | Killed Robin
  1354 | D:2      | Reached XP level 4. HP: 34/34 MP: 4/4
  1542 | D:2      | You fall into a shaft and drop 2 floors!
  1609 | D:4      | Reached skill level 5 in Ranged Weapons
  1625 | D:4      | Reached XP level 5. HP: 27/41 MP: 5/5
  1678 | D:4      | Found a glowing drain.
  1698 | Sewer    | Entered a sewer
  1743 | Sewer    | Noticed Pargi
  1754 | Sewer    | Killed Pargi
  1755 | Sewer    | Reached XP level 6. HP: 44/48 MP: 6/6
  1973 | D:4      | Reached XP level 7. HP: 17/55 MP: 7/7
  2984 | D:3      | Found the +1 Delatra's gloves {ID++}
  3199 | D:2      | Noticed Jessica
  3202 | D:2      | Killed Jessica
  3304 | D:2      | Found a faded altar of an unknown god.
  3658 | D:4      | Found an iron altar of Okawaru.
  3664 | D:4      | Noticed Sigmund
  3845 | D:4      | Killed Sigmund
  3846 | D:4      | Reached skill level 5 in Fighting
  3854 | D:4      | Became a worshipper of Warmaster Okawaru
  3946 | D:5      | Entered Level 5 of the Dungeon
  3989 | D:5      | Reached XP level 8. HP: 62/62 MP: 8/8
  4611 | D:5      | Reached * piety under Okawaru
  4798 | D:5      | Found a broken altar of Ashenzari.
  4807 | D:5      | Found a bloodstained altar of Trog.
  4808 | D:5      | Found a stormy altar of Qazlal.
  4808 | D:5      | Found a basalt altar of Yredelemnul.
  4812 | D:5      | Found a white marble altar of Elyvilon.
  5264 | D:6      | Reached XP level 9. HP: 64/71 MP: 9/9
  5478 | D:6      | Reached ** piety under Okawaru
  5795 | D:6      | Found a staircase to the Ecumenical Temple.
  6298 | D:7      | Found a flagged portal.
  6314 | Bailey   | Entered a bailey
  6331 | Bailey   | Reached skill level 10 in Ranged Weapons
  6482 | Bailey   | Noticed an orc knight
  6482 | Bailey   | Noticed an orc knight
  6552 | Bailey   | Killed an orc knight
  6766 | Bailey   | Killed an orc knight
  6766 | Bailey   | Reached *** piety under Okawaru
  6767 | Bailey   | Reached XP level 10. HP: 26/82 MP: 8/10
  7045 | Bailey   | Noticed an orc knight
  7059 | Bailey   | Killed an orc knight
  7350 | D:7      | Noticed Joseph
  7360 | D:7      | Killed Joseph
  7360 | D:7      | Reached **** piety under Okawaru
  7532 | D:7      | Noticed Jeremiah
  7559 | D:7      | Killed Jeremiah
  7598 | D:7      | Found a runed translucent door.
  7599 | D:7      | Noticed Crazy Yiuf
  8892 | D:7      | Found a snail-covered altar of Cheibriados.
  8979 | D:7      | Killed Crazy Yiuf
  9736 | D:8      | Found a hide-covered altar of Uskayaw.
 10021 | D:9      | Noticed a two-headed ogre
 10263 | D:9      | Reached XP level 11. HP: 90/90 MP: 11/11
 10631 | D:9      | Reached skill level 10 in Fighting
 10632 | D:9      | Reached ***** piety under Okawaru
 10645 | D:9      | Found a staircase to the Lair.
 10653 | D:9      | Identified the +8 quarterstaff of Agony {freeze, rPois}
 10677 | D:9      | Killed a two-headed ogre
 10702 | D:9      | Noticed a cyclops
 10711 | D:9      | Killed a cyclops
 11040 | D:10     | Entered Level 10 of the Dungeon
 11040 | D:10     | Noticed a two-headed ogre
 11163 | D:10     | Found an ornate altar of the Wu Jian Council.
 11274 | D:10     | Received a gift from Okawaru
 12045 | D:10     | Killed a two-headed ogre
 12195 | D:10     | Found a glowing silver altar of Zin.
 12243 | D:10     | Found a shimmering blue altar of Sif Muna.
 12464 | D:11     | Noticed a two-headed ogre
 12513 | D:11     | Found a gate leading to a gauntlet.
 12517 | Gauntlet | Entered a Gauntlet
 12517 | Gauntlet | Found a transporter.
 12517 | Gauntlet | Found a transporter.
 12517 | Gauntlet | Found a runed translucent door.
 12541 | Gauntlet | Found a runed translucent door.
 12542 | Gauntlet | Found a transporter.
 12542 | Gauntlet | Found a transporter.
 12546 | Gauntlet | Found a transporter.
 12546 | Gauntlet | Found a transporter.
 12585 | Gauntlet | Found a transporter.
 12588 | Gauntlet | Found a transporter.
 12590 | Gauntlet | Noticed a death scarab
 12595 | Gauntlet | Noticed a death scarab
 12596 | Gauntlet | Noticed a spectral death yak
 12601 | Gauntlet | Found a transporter.
 12612 | Gauntlet | Found a transporter.
 12627 | Gauntlet | Found a transporter.
 12631 | Gauntlet | Found a transporter.
 12684 | Gauntlet | Identified the +4 hat "Haduehodi" {Str+2}
 12707 | Gauntlet | Noticed an oklob plant
 12757 | Gauntlet | Identified the +0 cloak "Keocw" {Harm Str+4}
 12783 | Gauntlet | Received a gift from Okawaru
 12955 | Gauntlet | Noticed a minotaur
 13002 | Gauntlet | Killed a minotaur
 13003 | Gauntlet | Reached XP level 12. HP: 73/100 MP: 12/12
 13013 | Gauntlet | Identified the +0 hat "Naxtoh" {Rampage Str+2}
 13066 | D:10     | Reached skill level 1 in Invocations
 13214 | Lair:1   | Entered Level 1 of the Lair of Beasts
 14136 | Lair:1   | Received a gift from Okawaru
 14373 | Lair:1   | Reached skill level 5 in Invocations
 15013 | Lair:2   | Found a dark tunnel.
 15025 | Lair:2   | Noticed a boulder beetle
 15135 | Volcano  | Entered a volcano
 15144 | Volcano  | Found a large runed translucent door.
 15144 | Volcano  | Found a large runed translucent door.
 15144 | Volcano  | Noticed a centaur warrior
 15147 | Volcano  | Gained mutation: Your mind is acute. (Int +4, Str/Dex -1)
                  | [potion of mutation]
 15147 | Volcano  | Gained mutation: You are robust. (+10% HP) [potion of
                  | mutation]
 15432 | Volcano  | Found a large runed translucent door.
 15433 | Volcano  | Found a large runed translucent door.
 15437 | Volcano  | Noticed a hell knight
 15444 | Volcano  | Noticed a red draconian
 15498 | Volcano  | Killed a red draconian
 15506 | Volcano  | Killed a hell knight
 15507 | Volcano  | Gained mutation: Your flesh is cold resistant. (rC+)
                  | [Coglin growth]
 15507 | Volcano  | Gained mutation: Your flesh is heat resistant. (rF+)
                  | [Coglin growth]
 15507 | Volcano  | Reached XP level 13. HP: 89/124 MP: 11/18
 15522 | Volcano  | Found a large runed translucent door.
 15522 | Volcano  | Found a large runed translucent door.
 15539 | Volcano  | Found a large runed translucent door.
 15540 | Volcano  | Found a large runed translucent door.
 15541 | Volcano  | Found a large runed translucent door.
 15541 | Volcano  | Found a large runed translucent door.
 15678 | Volcano  | Found a large runed translucent door.
 15678 | Volcano  | Found a large runed translucent door.
 15724 | Volcano  | HP: 5/125 [hell knight/+4 flail of flaming (4)]
 15726 | Volcano  | Demolished by a hell knight

Illustrated notes

Levels and vault maps discovered:
D:1:      sevenhm_arrival_forest_fort_small_4, layout_basic
D:2:      layout_rooms, hellmonk_ecumenical_altar_leap_of_faith, uniq_jessica,
          uniq_robin
D:3:      layout_basic, pf_guarded_unrand_delatra
D:4:      layout_loops_ring, lemuel_tele_altar, gup_sewer_entry_pipe,
          uniq_sigmund
D:5:      layout_cave_pods, minitemple, saegor_snake_ambush
D:6:      layout_loops_corners, temple_green
D:7:      layout_layer_cave, mainiacjoe_overflow_brackets, enter_bailey_5,
          uniq_jeremiah, uniq_joseph, uniq_crazy_yiuf_cottage
D:8:      layout_basic, marbit_many_paths
D:9:      layout_basic, lair_entry_dummy
D:10:     layout_gridville, nicolae_overflow_crystal_walls,
          overflow_temple_1_default, nicolae_wu_jian_immortal_techniques,
          dk_noncrumbling_3, st_stairs_5, lemuel_flamethrower_2
D:11:     layout_cave_pools, david_orc_1_choice, serial_park, serial_park_paths
          [serial_park_minivault_5x5_6], serial_park_tiny_pond,
          gauntlet_entry_generic, uniq_fannar, uniq_sonja
Lair:1:   layout_hall_layers, serial_bayou_shore_b, lemuel_fruit_tree,
          grunt_megastairs_1, serial_bayou_shore_a
Lair:2:   regret_index_combs_of_tragedy, layout_big_grid,
          nicolae_volcano_entry_two_sided, grunt_megastairs_3,
          serial_bayou_shore_b
Volcano:  hellmonk_volcano_collapse

Skill      XL: |  1  2  3  4  5  6  7  8  9 10 11 12 |
---------------+-------------------------------------+-----
Ranged Weapons | 4 5 6 7 9 11 12 14 | 14.5
Fighting       | 3 4 5 6 8 9 11 14 | 14.3
Invocations    | 7 |  7.5
Dodging        | |  1.7
Stealth        | |  0.7

Action                     |  1- 3 |  4- 6 |  7- 9 | 10-12 | 13-15 || total
---------------------------+-------+-------+-------+-------+-------++-------
  Melee: Sling             |       |       |     2 |       |       ||     2
   Fire: Shortbow          |   102 |       |       |       |       ||   102
         Sling             |     8 |   200 |   748 |  1594 |    66 ||  2616
 Invoke: Heroism           |       |       |     4 |     5 |       ||     9
         Finesse           |       |       |       |     2 |       ||     2
  Evoke: Wand              |       |       |    13 |       |       ||    13
    Use: Scroll            |       |     5 |    10 |     3 |       ||    18
         Potion            |       |       |     3 |    13 |     1 ||    17
 Armour: Leather armour    |    30 |     2 |       |       |       ||    32
         Animal skin       |       |    31 |    70 |    14 |       ||   115
         Steam dragon scal |       |       |       |   274 |    41 ||   315
         Skin              |       |       |       |     7 |       ||     7
  Dodge: Dodged            |    33 |    30 |    37 |   179 |    14 ||   293
         Repelled          |       |       |     2 |     3 |       ||     5
  Block: Other             |       |       |    14 |    71 |     5 ||    90
         Reflection        |       |       |     5 |     9 |       ||    14

Table legend: (Time is in decaauts)
 A = Elapsed time spent in this place.
 B = Non-inter-level travel time spent in this place.
 C = Inter-level travel time spent in this place.
 D = Time resting spent in this place.
 E = Time spent auto-exploring this place.
 F = Levels seen in this place.
 G = Mean time per level.
                   A        B        C        D        E       F      G
               +--------+--------+--------+--------+--------+-----+--------+
         Total |  15596 |  15045 |    551 |   2506 |   9450 |  17 |  917.4 |
       Dungeon |  11798 |  11331 |    467 |   1842 |   7580 |  11 | 1072.5 |
          Lair |   1559 |   1475 |     84 |      0 |   1176 |   2 |  779.5 |
         Sewer |    249 |    249 |      0 |      0 |    173 |   1 |  249.0 |
        Bailey |    950 |    950 |      0 |    192 |    451 |   1 |  950.0 |
       Volcano |    558 |    558 |      0 |    329 |     20 |   1 |  558.0 |
      Gauntlet |    479 |    479 |      0 |    143 |     48 |   1 |  479.0 |
               +--------+--------+--------+--------+--------+-----+--------+

Top non-repeatable levels by time:
     D:7: 1802 daAuts
    D:10: 1532 daAuts
     D:9: 1382 daAuts
     D:6: 1243 daAuts
     D:3: 1088 daAuts
     D:1: 1082 daAuts
  Lair:1: 1036 daAuts
     D:5: 1027 daAuts
     D:8: 978 daAuts
  Bailey: 950 daAuts
     D:4: 872 daAuts
     D:2: 763 daAuts
 Volcano: 558 daAuts
  Lair:2: 523 daAuts
Gauntlet: 479 daAuts
